 Dungeon Crawl Stone Soup version 0.19-a0-559-ga3d69d0 (webtiles) character file.

32 ololoev the Magician (level 3, -3/19 HPs)
             Began as a Deep Elf Fire Elementalist on June 8, 2016.
             Slain by a gnoll
             ... wielding a +0 spear
              (6 damage)
             ... on level 5 of the Dungeon.
             The game lasted 00:03:46 (506 turns).

ololoev the Magician (Deep Elf Fire Elementalist)    Turns: 506, Time: 00:03:46

Health: -3/19      AC:  2    Str:  5    XL:     3   Next: 8%
Magic:  10/10      EV:  8    Int: 20    God:
Gold:   51         SH:  0    Dex: 15    Spells: 3 memorised, 2 levels left

rFire  . . .     SeeInvis .     (no weapon)
rCold  . . .     Gourm    .     a - +0 robe
rNeg   . . .     Faith    .     (no shield)
rPois  .         Spirit   .     (no helmet)
rElec  .         Dismiss  .     (no cloak)
rCorr  .         Reflect  .     (no gloves)
SustAt .         Harm     .     (no boots)
MR     .....                    (no amulet)
Stlth  ++........               (no ring)
                                (no ring)

@: not resistant to hostile enchantments, unstealthy
A: no striking features
a: no special abilities

Inventory:

Armour
 a - a +0 robe (worn)
Scrolls
 e - 3 scrolls of identify {unknown}
 g - a scroll of immolation {unknown}
 h - a scroll of remove curse {unknown}
Potions
 j - a potion of curing {unknown}
Books
 b - a book of Flames

   Spells                             Type                      Level
   a - Flame Tongue                   Conjuration/Fire             1
   b - Throw Flame                    Conjuration/Fire             2
   c - Conjure Flame                  Conjuration/Fire             3
   d - Inner Flame                    Hexes/Fire                   3
   e - Sticky Flame                   Conjuration/Fire             4
   f - Fireball                       Conjuration/Fire             5
Comestibles
 c - a bread ration
 d - 5 fruits
 f - a slice of pizza
 i - 2 meat rations


   Skills:
 - Level 2.4 Dodging
 - Level 2.4 Stealth
 + Level 3.7 Spellcasting
 * Level 2.4 Conjurations
 + Level 3.5 Fire Magic


You had 2 spell levels left.
You knew the following spells:

 Your Spells              Type           Power        Failure   Level  Hunger
a - Flame Tongue          Conj/Fire      ###..        4%          1    None
b - Conjure Flame         Conj/Fire      ###.....     14%         3    ###....
e - Inner Flame           Hex/Fire       ##......     21%         3    ###....


You were on level 5 of the Dungeon.
You were not hungry.

You visited 1 branch of the dungeon, and saw 5 of its levels.

You collected 51 gold pieces.

#######
#.....#
#.....#
#.....#
#..g..#
#...g.#
#.@g..#
#..g..#
.......#
.........#
#.........#
...........#
##.........#
#....######

Notes
Turn   | Place    | Note
--------------------------------------------------------------
     0 | D:1      | ololoev the Deep Elf Fire Elementalist began the quest for the Orb.
     0 | D:1      | Reached XP level 1. HP: 10/10 MP: 6/6
   159 | D:2      | Found a sacrificial altar of Ru.
   182 | D:2      | Reached XP level 2. HP: 14/15 MP: 2/8
   341 | D:2      | Noticed Robin
   345 | D:3      | Reached XP level 3. HP: 16/19 MP: 5/10
   350 | D:3      | Learned a level 3 spell: Conjure Flame
   354 | D:3      | Learned a level 3 spell: Inner Flame
   468 | D:5      | Entered Level 5 of the Dungeon
   506 | D:5      | Slain by a gnoll

Dungeon Overview and Level Annotations

Branches:
Dungeon (5/15)
 Temple: D:4-7

Altars:
Ru

Annotations:
D:2 Robin


Message History

You feel clever.
Memorise Conjure Flame, consuming 3 spell levels and leaving 5?
You start memorising the spell.
You continue memorising. x3
You finish memorising.
Spell assigned to 'b'.
Memorise Inner Flame, consuming 3 spell levels and leaving 2?
You start memorising the spell.
You continue memorising. x3
You finish memorising.
Spell assigned to 'c'.
Adjust (i)tems, (s)pells, or (a)bilities?
Adjust which spell? c - Inner Flame Adjust to which letter? e - Inner Flame A giant gecko comes into view.
The giant gecko completely misses you.
You hit the giant gecko.
The giant gecko is lightly wounded.
The giant gecko bites you.
Casting: Flame Tongue
Confirm with . or Enter, or press ? or * to list all spells.
Aiming: Flame Tongue
Press: ? - help, Shift-Dir - straight line, f - giant gecko
Aim: a giant gecko (lightly wounded, clinging)
The flame tongue hits the giant gecko.
You kill the giant gecko!
You see here a giant gecko corpse.
Magic restored.
Found 4 javelins.
Found an escape hatch in the ceiling.
An orc comes into view. It is wielding a dagger.
The bat misses you. The bat closely misses you. The bat barely misses you.
Casting: Flame Tongue
Confirm with . or Enter, or press ? or * to list all spells.
Aiming: Flame Tongue
Press: ? - help, Shift-Dir - straight line, f - bat
Aim: a bat You miscast Flame Tongue.
You are very lightly contaminated with residual magic.
Nothing appears to happen.
The bat hits you but does no damage. The bat closely misses you.
Casting: Flame Tongue
Confirm with . or Enter, or press ? or * to list all spells.
Aiming: Flame Tongue
Press: ? - help, Shift-Dir - straight line, f/p - bat
Aim: a bat The flame tongue hits the bat.
You kill the bat!
Found a leather armour.
Found 6 tomahawks.
Found a stone staircase leading down.
You see here a leather armour.
There is a stone staircase leading down here.
You climb downwards.
Found 10 gold pieces.
There is a stone staircase leading up here.
Your magical contamination has completely faded away.
You now have 51 gold pieces (gained 10).
You open the door.
There is an open door here.
There is an open door here.
You open the door.
Found a stone staircase leading down.
There is an open door here.
There is a stone staircase leading down here.
You climb downwards.
There is a stone staircase leading up here.
You climb upwards.
There is a stone staircase leading down here.
You open the door.
There is an open door here.
Found a stone staircase leading down.
There is a stone staircase leading down here.
You climb downwards. 3 gnolls and a gnoll shaman come into view.
The gnoll shouts!
The gnoll shaman shouts!
The gnoll shouts! x2
The gnoll closely misses you.
There is a stone staircase leading up here.
The gnoll hits you with a club!
The gnoll hits you from afar with a spear!
The gnoll hits you from afar with a spear.
You die...

You could see a gnoll shaman and 3 gnolls.

Vanquished Creatures
  2 adders
  A giant gecko (D:3)
  2 giant cockroaches (D:2)
  A goblin (D:3)
  A hobgoblin (D:2)
  2 jackals (D:2)
  A bat (D:3)
  A giant newt (D:1)
  2 rats
13 creatures vanquished.

Action                   || total
-------------------------++-------
Melee: Unarmed           ||     1
 Cast: Flame Tongue      ||    29
Armor: Robe              ||     4
Dodge: Dodged            ||    17

Vault maps used:
D:1:      scummos_arrival_gate
D:2:      marbit_many_paths, nicolae_ru_the_path_less_chosen, uniq_robin
D:3:      minmay_goblin_kobold_castle, lemuel_coloured_pillars_altar
D:4:      temple_statues, serial_shops, nicolae_shop_crystal
D:5:      kennysheep_mini, lemuel_doored_altar, first_bread, serial_shops, shop,
          nicolae_dithmenos_the_darkroom
